 Dungeon Crawl Stone Soup version 0.21-a0-265-gb353147 (webtiles) character file.

343 MirrMurr the Poker (level 6, 0/56 HPs)
             Began as a Hill Orc Berserker on Sept 12, 2017.
             Was a Believer of Trog.
             Succumbed to a gnoll's poison
             ... on level 3 of the Dungeon.
             The game lasted 00:05:27 (2049 turns).

MirrMurr the Poker (Hill Orc Berserker)             Turns: 2049, Time: 00:05:28

Health: 0/56       AC: 14    Str: 20    XL:     6   Next: 57%
Magic:  6/6        EV:  8    Int:  7    God:    Trog [**....]
Gold:   98         SH:  0    Dex: 12    Spells: 5/5 levels left

rFire    . . .     SeeInvis .   a - +0 spear
rCold    . . .     Gourm    .   (no shield)
rNeg     . . .     Faith    .   f - +0 chain mail
rPois    .         Spirit   .   (no helmet)
rElec    .         Reflect  .   v - +2 cloak
rCorr    .         Harm     .   (no gloves)
MR       .....                  t - +1 pair of boots
Stlth    ..........             (no amulet)
HPRegen  0.18/turn              (no ring)
MPRegen  0.10/turn              (no ring)

@: lethally poisoned (0 -> -18), berserk cooldown, slowed, very slow
A: no striking features
a: Berserk, Trog's Hand, Burn Spellbooks, Renounce Religion


You were on level 3 of the Dungeon.
You worshipped Trog.
Trog was pleased with you.
You were very hungry.

You visited 1 branch of the dungeon, and saw 3 of its levels.

You collected 98 gold pieces.

Inventory:

Hand Weapons
 a - a +0 spear (weapon)
Missiles
 i - 93 stones (quivered)
Armour
 f - a +0 chain mail (worn)
 t - a +1 pair of boots (worn)
 v - a +2 cloak (worn)
Jewellery
 b - a cursed ring of teleportation {unknown}
Scrolls
 e - a scroll of noise {unknown}
 g - a scroll of remove curse {unknown}
 m - a scroll of fog {unknown}
 n - a scroll of enchant weapon {unknown}
 o - a scroll of fear {unknown}
 p - 2 scrolls of enchant armour {unknown}
 q - a scroll of teleportation {unknown}
 s - a scroll of blinking
Potions
 k - a potion of haste
 l - a potion of might {unknown}
 r - a potion of heal wounds
 u - a potion of berserk rage {unknown}
Comestibles
 c - 3 bread rations
 h - 2 royal jellies
 j - 6 fruits


   Skills:
 + Level 5.2 Fighting
 * Level 5.8 Polearms
 + Level 4.3 Armour
 - Level 1.5 Dodging


You had 5 spell levels left.
You didn't know any spells.

Dungeon Overview and Level Annotations

Branches:
Dungeon (3/15)

Altars:

Annotations:
D:3 Glitchraptor's ghost, amateur OgGl


Message History

Glitchraptor's ghost is heavily damaged.
You feel very sick. The rat bites you but does no damage.
The goblin closely misses you.
Glitchraptor's ghost hits you but does no damage.
Unknown command.
You hit Glitchraptor's ghost.
Glitchraptor's ghost is heavily damaged.
You feel sick. The rat closely misses you. The goblin barely misses you.
Glitchraptor's ghost hits you but does no damage.
The rat bites you but does no damage.
You feel very sick. The goblin hits you but does no damage.
Glitchraptor's ghost hits you!
* * * LOW HITPOINT WARNING * * *
* * * LOW HITPOINT WARNING * * *
You feel very sick.
The goblin wields an uncursed hunting sling.
The goblin shoots a stone.
The stone hits you.
* * * LOW HITPOINT WARNING * * *
The rat barely misses you.
You die...

#.....## ###..................
#......### #..................
#........# #..............>... #
#.....##.####................).
#####.#.##...##.................<
##....#.####..#......<...........
##.####..........................
#..# #...........#.##...........
..## #.........@...#####.#..#..#
### #.............## #.#.....# #
#.......Wr.....####.#.###.. #
#.....)g...............##.# #
#.....)........####.#..##.# ###
###.#...####...####.#..##.#
...######....###.......).........
.....<(..........##...###....##..
...##.!...##(######..## ###......


You could see Glitchraptor's ghost, a goblin and a rat.

Vanquished Creatures
  Sigmund (D:3)
  Crazy Yiuf (D:2)
  Terence (D:2)
  Robin (D:3)
  3 gnolls (D:3)
  2 adders
  A worm (D:3)
  A leopard gecko (D:2)
  2 orcs (D:3)
  9 bats
  8 giant cockroaches
  11 hobgoblins
  2 jackals (D:3)
  2 quokkas
  A ball python (D:1)
  4 frilled lizards
  11 goblins
  4 kobolds
  11 rats
76 creatures vanquished.

Notes
Turn   | Place    | Note
-------+----------+-------------------------------------------
     0 | D:1      | MirrMurr the Hill Orc Berserker began the quest for the Orb.
     0 | D:1      | Reached XP level 1. HP: 19/19 MP: 1/1
   167 | D:1      | Reached XP level 2. HP: 27/27 MP: 2/2
   635 | D:1      | Reached XP level 3. HP: 33/33 MP: 3/3
   765 | D:2      | Noticed Terence
   784 | D:2      | Killed Terence
   977 | D:2      | Reached XP level 4. HP: 40/40 MP: 4/4
  1005 | D:2      | Reached ** piety under Trog
  1096 | D:2      | Found a runed door.
  1279 | D:2      | Noticed Crazy Yiuf
  1283 | D:2      | Killed Crazy Yiuf
  1384 | D:3      | Noticed Robin
  1522 | D:3      | Reached XP level 5. HP: 46/47 MP: 5/5
  1639 | D:3      | Noticed Sigmund
  1668 | D:3      | Killed Sigmund
  1668 | D:3      | Reached skill level 5 in Fighting
  1668 | D:3      | Reached skill level 5 in Polearms
  1668 | D:3      | Reached XP level 6. HP: 29/56 MP: 6/6
  1787 | D:3      | Noticed Glitchraptor's ghost (amateur OgGl)
  1805 | D:3      | Killed Robin
  2049 | D:3      | Succumbed to a gnoll's poison

Vault maps used:
D:1:      mrwooster_arrival_statue_2
D:2:      uniq_terence, uniq_crazy_yiuf_cottage
D:3:      uniq_robin, uniq_sigmund

Skill      XL: |  1  2  3  4  5 |
---------------+----------------+-----
Armour         | 3 4 |  4.3
Fighting       | 4 5 |  5.2
Polearms       | 4 5 |  5.8
Dodging        | |  1.5

Action                   |  1- 3 |  4- 6 || total
-------------------------+-------+-------++-------
Melee: Spear             |   112 |   230 ||   342
Invok: Berserk           |     1 |     4 ||     5
       Trog's Hand       |       |     1 ||     1
  Use: Scroll            |       |     2 ||     2
  Eat: Chunk             |     1 |     7 ||     8
Armor: Chain mail        |    46 |   113 ||   159
       Animal skin       |     2 |       ||     2
Dodge: Dodged            |    36 |   106 ||   142

Table legend:
 A = Spawn XP
 B = Non-spawn XP
 C = Spawn XP percentage of total XP
 D = Spawn monster count
 E = Non-spawn monster count
 F = Spawn count percentage of total count
 G = Total turns spent on level
                    A         B        C        D         E        F      G
               +---------+---------+-------+---------+---------+-------+---------
         Total |       0 |     491 |   0.0 |       0 |      76 |   0.0 |  2049
               +---------+---------+-------+---------+---------+-------+---------
           D:1 |       0 |      36 |   0.0 |       0 |      25 |   0.0 |   739
           D:2 |       0 |     100 |   0.0 |       0 |      14 |   0.0 |   807
           D:3 |       0 |     355 |   0.0 |       0 |      37 |   0.0 |   503
               +---------+---------+-------+---------+---------+-------+---------
